 Dungeon Crawl Stone Soup version 0.17-a0-1748-g222fba8 (webtiles) character file.

162 preste the Magician (level 5, -1/28 HPs)
             Began as a Deep Elf Ice Elementalist on Sept 1, 2015.
             Killed from afar by Sigmund (9 damage)
             ... with a magic dart
             ... on level 3 of the Dungeon.
             The game lasted 00:15:45 (2601 turns).

preste the Magician (Deep Elf Ice Elementalist)     Turns: 2601, Time: 00:15:45

Health: -1/28      AC: 10    Str:  5    XL:     5   Next: 19%
Magic:  1/14       EV: 13    Int: 21    God:
Gold:   95         SH:  0    Dex: 15    Spells: 3 memorised, 8 levels left

rFire  . . .     SeeInvis .     k - +0 spear
rCold  . . .     Clarity  .     a - +0 robe
rNeg   . . .     SustAt   .     (no shield)
rPois  .         Gourm    .     l - +0 helmet
rElec  .         Spirit   .     i - +0 cloak
rCorr  .         Warding  .     (no gloves)
rMut   .         Stasis   .     (no boots)
MR     .....                    (no amulet)
Stlth  ++........               (no ring)
                                (no ring)

@: icy armour (expiring), not resistant to hostile enchantments, unstealthy
A: no striking features
a: no special abilities


You were on level 3 of the Dungeon.
You were not hungry.

You visited 1 branch of the dungeon, and saw 3 of its levels.

You collected 95 gold pieces.

Inventory:

Hand weapons
 k - a +0 spear (weapon)
Armour
 a - a +0 robe (worn)
 i - a +0 cloak (worn)
 l - a +0 helmet (worn)
Jewellery
 r - a cursed ring of loudness {unknown}
Scrolls
 d - a scroll of identify {unknown}
 h - a scroll of blinking {unknown}
 j - a scroll of remove curse {unknown}
 o - a scroll of teleportation {unknown}
 p - a scroll of enchant armour {unknown}
 q - a scroll of recharging {unknown}
Potions
 e - 2 potions of curing {unknown}
 f - a potion of cancellation {unknown}
 n - a potion of lignification {unknown}
Books
 b - a book of Frost

   Spells                             Type                      Level
   a - Freeze                         Ice                          1
   b - Throw Frost                    Conjuration/Ice              2
   c - Ozocubu's Armour               Charms/Ice                   3
   d - Throw Icicle                   Conjuration/Ice              4
   e - Summon Ice Beast               Ice/Summoning                4
   f - Condensation Shield            Ice                          4
Comestibles
 c - a bread ration
 g - a chunk of flesh
 m - a meat ration


   Skills:
 - Level 2.4 Dodging
 - Level 2.4 Stealth
 - Level 5.0 Spellcasting
 + Level 2.2 Conjurations
 + Level 1.1 Charms
 - Level 5.0 Ice Magic


You had 8 spell levels left.
You knew the following spells:

 Your Spells              Type           Power        Failure   Level  Hunger
a - Freeze                Ice            ####         1%          1    None
b - Throw Frost           Conj/Ice       ###...       4%          2    None
c - Ozocubu's Armour      Chrm/Ice       ###.....     12%         3    ##.....


Dungeon Overview and Level Annotations

Branches:
Dungeon (3/15)

Altars:
Dithmenos

Annotations:
D:3 Sigmund


Message History

Confirm with . or Enter, or press ? or * to list all spells.
Aiming: Freeze
Press: ? - help, Shift-Dir - straight line, f/p - Sigmund
Aim: Sigmund, wielding a scythe and wearing a robe (severely wounded)
You freeze Sigmund.
Sigmund is almost dead.
Sigmund points at you and mumbles some strange words.
The puff of flame hits you!
* * * LOW HITPOINT WARNING * * *
The heat melts your icy armour.
You hit Sigmund.
Sigmund is almost dead.
Sigmund points at you and mumbles some strange words.
The magic dart hits you!
You hit Sigmund.
Sigmund is almost dead.
Your icy armour starts to melt.
Sigmund points at you and mumbles some strange words.
The magic dart hits you!
You die...

###########.####.#######.########
.................................
##############.#.#######.########
#.#..........>......
#.#...............##
#.#.................
#...............#.#.
##########)######.#.#.##
......@@...<......).#...
..#...############.##### #....
............. ###. #######..####
# ##<#### #.#... ###.....
#...[... #......#


You could see Sigmund.

Vanquished Creatures
  Ijyb (D:3)
  Robin (D:3)
  3 gnolls (D:2)
  2 adders (D:2)
  3 oozes
  A worm (D:2)
  A giant gecko (D:2)
  8 bats
  3 giant cockroaches
  16 goblins
  13 hobgoblins
  3 giant newts (D:2)
  3 jackals (D:1)
  5 kobolds
  A rat (D:2)
64 creatures vanquished.

Notes
Turn   | Place    | Note
--------------------------------------------------------------
     0 | D:1      | preste the Deep Elf Ice Elementalist began the quest for the Orb.
     0 | D:1      | Reached XP level 1. HP: 10/10 MP: 6/6
   177 | D:1      | Reached XP level 2. HP: 15/15 MP: 1/8
   273 | D:1      | Learned a level 2 spell: Throw Frost
   685 | D:2      | Reached skill level 4 in Spellcasting
   862 | D:2      | Reached XP level 3. HP: 17/19 MP: 6/10
  1130 | D:2      | Reached XP level 4. HP: 20/24 MP: 12/12
  1607 | D:2      | Found a shadowy altar of Dithmenos.
  1710 | D:2      | Reached skill level 5 in Spellcasting
  1757 | D:3      | Noticed Robin
  1757 | D:3      | Noticed Ijyb
  2019 | D:3      | Killed Ijyb
  2019 | D:3      | Reached skill level 5 in Ice Magic
  2025 | D:3      | Reached XP level 5. HP: 28/28 MP: 9/14
  2032 | D:3      | Learned a level 3 spell: Ozocubu's Armour
  2346 | D:3      | Killed Robin
  2346 | D:3      | Reached skill level 1 in Charms
  2588 | D:3      | Noticed Sigmund
  2601 | D:3      | Killed from afar by Sigmund

Vault maps used:
D:1:      minmay_arrival_solitary_statue, minmay_misc_feat_rugged
D:2:      nicolae_overflow_hidden_temple
D:3:      uniq_robin, uniq_sigmund, uniq_iyjb

Action                   |  1- 3 |  4- 6 || total
-------------------------+-------+-------++-------
Melee: Unarmed           |     1 |       ||     1
       Spear             |    27 |    52 ||    79
 Cast: Freeze            |    37 |    28 ||    65
       Throw Frost       |     8 |    24 ||    32
       Ozocubu's Armour  |       |     3 ||     3
 Stab: Sleeping          |     4 |     1 ||     5
       Distracted        |     1 |     1 ||     2
  Eat: Chunk             |     1 |     3 ||     4
       Pizza             |       |     1 ||     1
